 Dungeon Crawl Stone Soup version 0.17.0-24-gcfadda4 (webtiles) character file.

384 Ivanskos the Skirmisher (level 6, -4/67 HPs)
             Began as an Ogre Berserker on Nov 17, 2015.
             Was a Priest of Trog.
             Killed by divine providence
             ... invoked by an orc priest
              (16 damage)
             ... on level 4 of the Dungeon.
             The game lasted 00:42:58 (3523 turns).

Ivanskos the Skirmisher (Ogre Berserker)            Turns: 3523, Time: 00:42:58

Health: -4/67      AC:  2    Str: 25    XL:     6   Next: 77%
Magic:  6/6        EV: 15    Int:  6    God:    Trog [***...]
Gold:   139        SH:  0    Dex: 11    Spells: 0 memorised, 5 levels left

rFire  . . .     SeeInvis .     a - +0 mace
rCold  . . .     Clarity  .     y - -1 robe (curse)
rNeg   . . .     SustAt   .     (no shield)
rPois  .         Gourm    .     (helmet restricted)
rElec  .         Spirit   .     (no cloak)
rCorr  .         Warding  .     (gloves unavailable)
rMut   .         Stasis   .     (boots unavailable)
MR     .....                    (no amulet)
Stlth  +.........               d - +2 ring of dexterity
                                e - +4 ring of evasion

@: not resistant to hostile enchantments, very unstealthy
A: unfitting armour, tough skin 1
a: Berserk, Trog's Hand, Burn Spellbooks, Renounce Religion


You were on level 4 of the Dungeon.
You worshipped Trog.
Trog was most pleased with you.
You were not hungry.

You visited 1 branch of the dungeon, and saw 4 of its levels.

You collected 139 gold pieces.

Inventory:

Hand Weapons
 a - a +0 mace (weapon)
 g - a +0 flail
 i - a +0 hand axe
Armour
 b - a +1 animal skin
 y - a cursed -1 robe (worn)
Jewellery
 d - a +2 ring of dexterity (right hand)
 e - a +4 ring of evasion (left hand)
 f - a +4 ring of intelligence
 h - an uncursed ring of poison resistance
Wands
 m - a wand of random effects (23)
Scrolls
 u - a scroll of immolation
Potions
 k - a potion of cancellation {unknown}
 l - 2 potions of lignification {unknown}
 o - a potion of ambrosia {unknown}
 p - a potion of heal wounds {unknown}
 r - a potion of experience {unknown}
 t - 2 potions of flight {unknown}
 z - a potion of mutation {unknown}
Comestibles
 c - 3 bread rations
 j - 2 beef jerkies
 s - a slice of pizza
 w - 5 fruits
 x - a meat ration


   Skills:
 + Level 6.2 Fighting
 + Level 5.7 Maces & Flails
 + Level 0.2 Throwing
 + Level 4.6 Dodging
 + Level 1.5 Stealth


You had 5 spell levels left.
You didn't know any spells.

Dungeon Overview and Level Annotations

Branches:
Dungeon (4/15)
 Temple: D:4-7

Altars:
Elyvilon
Nemelex Xobeh


Innate Abilities, Weirdness & Mutations

You are too large for most types of armour.
You have tough skin (AC +1).


Message History

Aim: an orc priest, wearing a leather armour You throw a large rock.
The large rock hits the orc but does no damage.
The orc completely misses you.
Fire/throw which item? (* to show all) (? for menu, Esc to quit)
Press: ? - help, Shift-Dir - straight line, f/p - orc priest
Aim: an orc priest, wearing a leather armour You throw a large rock.
The large rock hits the orc!
You kill the orc!
Trog accepts your kill.
You hear a shout!
The orc priest mumbles some strange prayers to Beogh against you.
Something smites you!
* * * LOW HITPOINT WARNING * * *
You feel better.
You thump the orc priest!
The orc priest is heavily wounded.
The orc priest calls down the wrath of Beogh upon you.
Something smites you!
You die...

************ ,,,,,,,,,,,#
**********.# ##########.*
.(....##..,* ..###.##.#** ######
..###.##.#####..@.#
...........[...##o#######*******
.......#.#######...#.....,,,,,,*
.)............#......#********,*
#)###................# *,* #.#
#.##.####..o.....# *,*
#.###>##.# ###......# *,*
......##.# #.#.#..#***** *,*
#.######.# #(#.......,,****,**


You could see an orc priest.

Vanquished Creatures
  A sky beast (D:3)
  2 orc priests (D:4)
  A worker ant (D:4)
  An iguana (D:4)
  5 adders
  5 gnolls
  An ooze (D:1)
  3 worms
  A giant gecko (D:1)
  5 orcs (D:4)
  5 bats (D:1)
  5 giant cockroaches
  10 hobgoblins
  7 jackals
  4 quokkas (D:2)
  3 giant newts
  9 goblins
  6 kobolds
  6 rats
80 creatures vanquished.

Notes
Turn   | Place    | Note
--------------------------------------------------------------
     0 | D:1      | Ivanskos the Ogre Berserker began the quest for the Orb.
     0 | D:1      | Reached XP level 1. HP: 24/24 MP: 1/1
   109 | D:1      | Reached XP level 2. HP: 25/32 MP: 2/2
   354 | D:1      | Reached XP level 3. HP: 36/40 MP: 3/3
   415 | D:1      | Reached ** piety under Trog
  1289 | D:2      | Reached XP level 4. HP: 44/49 MP: 4/4
  2177 | D:2      | Found a white marble altar of Elyvilon.
  2212 | D:2      | Reached skill level 5 in Maces & Flails
  2378 | D:3      | Reached skill level 5 in Fighting
  2378 | D:3      | Reached XP level 5. HP: 55/57 MP: 5/5
  2536 | D:3      | Reached *** piety under Trog
  2543 | D:3      | Reached skill level 1 in Stealth
  2739 | D:3      | Found a sparkling altar of Nemelex Xobeh.
  3126 | D:3      | Noticed a sky beast
  3138 | D:3      | Killed a sky beast
  3138 | D:3      | Reached XP level 6. HP: 6/67 MP: 6/6
  3420 | D:4      | Reached skill level 6 in Fighting
  3517 | D:4      | HP: 3/67 [orc priest/divine providence (10)]
  3523 | D:4      | Killed from afar by an orc priest

Action                   |  1- 3 |  4- 6 || total
-------------------------+-------+-------++-------
Melee: Mace              |   139 |   144 ||   283
       Flail             |       |     8 ||     8
Throw: Large rock        |       |    13 ||    13
  Use: Scroll            |     6 |     3 ||     9
       Potion            |     1 |     2 ||     3
 Stab: Sleeping          |       |     1 ||     1
  Eat: Bread ration      |       |     1 ||     1
       Meat ration       |       |     1 ||     1
